 Dungeon Crawl Stone Soup version 0.31-a0-267-g3fc6992b3b (webtiles) character file.

Game seed: 3879232261645049870

30 qw the Shooter (level 3, -3/20 HPs)
             Began as a Gargoyle Hexslinger on July 13, 2023.
             Slain by a gnoll
             ... wielding a +0 spear
              (4 damage)
             ... on level 2 of the Dungeon.
             The game lasted 00:00:20 (219 turns).

qw the Shooter (Gargoyle Hexslinger)                 Turns: 219, Time: 00:00:20

Health: -3/20      AC:  6    Str: 11    XL:     3   Next: 20%
Magic:  4/4        EV: 11    Int: 13    God:
Gold:   32         SH:  0    Dex: 14    Spells: 3/4 levels left

rFire   . . .        Y - +1 sling
rCold   . . .        (no shield)
rNeg    + . .        e - +0 leather armour
rPois   inf          (no helmet)
rElec   +            (no cloak)
rCorr   .            (no gloves)
SInv    .            (no boots)
Will    .....        (no amulet)
Stlth   +            (no ring)
HPRegen 0.23/turn    (no ring)
MPRegen 0.09/turn

%: no passive effects
@: no status effects
A: sickness immunity, AC +3, negative energy resistance 1, electricity
resistance, torment resistance 1, petrification resistance
a: no special abilities


You were on level 2 of the Dungeon.
You visited 1 branch of the dungeon, and saw 2 of its levels.

You collected 32 gold pieces.


Innate Abilities, Weirdness & Mutations

You are immune to sickness and miasma.
Your stone body is resilient. (AC +3)
You are immune to poison.
You resist negative energy. (rN+)
You are resistant to electric shocks. (rElec)
You are resistant to unholy torment.
You are immune to petrification.


   Skills:
 + Level 1.1 Fighting
 - Level 3.5 Ranged Weapons
 - Level 1.5 Dodging
 - Level 1.0 Spellcasting
 - Level 2.6 Hexes


You had 3 spell levels left.
You knew the following spells:

 Your Spells              Type           Power      Damage    Failure   Level
a - Slow                  Hex            28%        N/A       12%         1

Your spell library contained the following spells:

 Spells                   Type           Power      Damage    Failure   Level
 Inner Flame              Hex/Fire       4%         N/A       54%         3
 Portal Projectile        Hex/Tloc       8%         N/A       54%         3
 Cause Fear               Hex            3%         N/A       77%         4

Inventory:

Hand Weapons
 Y - a +1 sling (weapon)
Armour
 e - a +0 leather armour (worn)
Potions
 a - a potion of invisibility {unknown}

Dungeon Overview and Level Annotations

Branches:
Dungeon (2/15)

Altars:


Message History

A gnoll comes into view. It is wielding a +0 spear.
Your Ranged Weapons skill increases to level 3!
You shoot a sling bullet. The sling bullet hits the gnoll!
The gnoll is heavily wounded.
You shoot a sling bullet. The sling bullet hits the gnoll.
You kill the gnoll!
A gnoll comes into view. It is wielding a +0 club.
You have reached level 3!
Your experience leads to an increase in your attributes!
Increase (S)trength, (I)ntelligence, or (D)exterity?
You feel agile. x2
You shoot a sling bullet. The sling bullet hits the gnoll.
The gnoll is lightly wounded.
The gnoll closely misses you.
You shoot a sling bullet.
The sling bullet hits the gnoll but does no damage.
The gnoll is lightly wounded.
The gnoll closely misses you.
You shoot a sling bullet. The sling bullet hits the gnoll.
The gnoll is heavily wounded.
The gnoll hits you from afar with a +0 spear. x2
You shoot a sling bullet.
The sling bullet completely misses the gnoll.
The gnoll hits you but does no damage. x2; The gnoll misses you.
The gnoll hits you from afar with a +0 spear.
The gnoll closely misses you.
The gnoll hits you from afar with a +0 spear.
You shoot a sling bullet.
The sling bullet closely misses the gnoll.
The gnoll hits you but does no damage. The gnoll hits you with a +0 club.
The gnoll hits you from afar with a +0 spear.
You shoot a sling bullet. The sling bullet hits the gnoll.
The gnoll is moderately wounded.
The gnoll hits you with a +0 club. The gnoll closely misses you. x2
You shoot a sling bullet. The sling bullet hits the gnoll.
The gnoll is severely wounded.
The gnoll hits you with a +0 club. The gnoll hits you but does no damage.
The gnoll misses you.
The gnoll hits you from afar with a +0 spear.
You die...

#### ..# #.#
##.####.##
.........#
###
#.#.@###.##
#.g.##.#.##
#.gg...?#.#
#)..##...##
#.#.......#
......###..#
##.###.#
#..# #. #.#
#..# #.#
#..#


You could see 3 gnolls.

Vanquished Creatures
  A gnoll (D:2)
  An adder (D:2)
  A dart slug (D:2)
  A ball python (D:1)
  2 giant cockroaches (D:1)
  A goblin (D:1)
  A hobgoblin (D:1)
  A frilled lizard (D:1)
  2 rats
11 creatures vanquished.

Notes
Turn   | Place    | Note
-------+----------+-------------------------------------------
     0 | D:1      | qw the Gargoyle Hexslinger began the quest for the Orb.
     0 | D:1      | Reached XP level 1. HP: 12/12 MP: 2/2
     0 | D:1      | 0 ||| qw: Version: 0.3-a-52-g30416fa
     0 | D:1      | 0 ||| qw: Game counter: 7754
     0 | D:1      | 0 ||| qw: Melee chars always use a shield: true
     0 | D:1      | 0 ||| qw: God list: Okawaru
     0 | D:1      | 0 ||| qw: Allow faded altars: false
     0 | D:1      | 0 ||| qw: Do Orc after clearing Dungeon:15 true
     0 | D:1      | 0 ||| qw: Do second Lair branch before Depths: true
     0 | D:1      | 0 ||| qw: Lair rune preference: random
     0 | D:1      | 0 ||| qw: Goals: Normal
     0 | D:1      | 0 ||| PLANNING D:1-11
   103 | D:1      | Reached XP level 2. HP: 15/16 MP: 3/3
   119 | D:1      | You fall into a shaft and drop 1 floor!
   152 | D:2      | 152 ||| UPGRADING to +0 leather armour.
   162 | D:2      | 162 ||| DROPPING +0 robe.
   163 | D:2      | 163 ||| READING scroll labelled NIFROU YBRY.
   164 | D:2      | 164 ||| READING scroll labelled IBLOBA XOREASCHIM.
   166 | D:2      | 166 ||| FLEEEEING.
   167 | D:2      | 167 ||| FLEEEEING.
   168 | D:2      | 168 ||| FLEEEEING.
   172 | D:2      | 172 ||| DROPPING scroll of poison.
   173 | D:2      | 173 ||| Stepping randomly (stuck).
   174 | D:2      | 174 ||| Stepping randomly (stuck).
   175 | D:2      | 175 ||| Stepping randomly (stuck).
   176 | D:2      | 176 ||| Stepping randomly (stuck).
   177 | D:2      | 177 ||| Stepping randomly (stuck).
   178 | D:2      | 178 ||| Stepping randomly (stuck).
   179 | D:2      | 179 ||| Stepping randomly (stuck).
   180 | D:2      | 180 ||| Stepping randomly (stuck).
   181 | D:2      | 181 ||| Stepping randomly (stuck).
   182 | D:2      | 182 ||| Stepping randomly (stuck).
   183 | D:2      | 183 ||| Stepping randomly (stuck).
   184 | D:2      | 184 ||| Stepping randomly (stuck).
   185 | D:2      | 185 ||| Stepping randomly (stuck).
   186 | D:2      | 186 ||| Stepping randomly (stuck).
   187 | D:2      | 187 ||| Stepping randomly (stuck).
   189 | D:2      | 189 ||| Stepping randomly (stuck).
   190 | D:2      | 190 ||| Stepping randomly (stuck).
   191 | D:2      | 191 ||| Stepping randomly (stuck).
   192 | D:2      | 192 ||| Stepping randomly (stuck).
   193 | D:2      | 193 ||| Stepping randomly (stuck).
   194 | D:2      | 194 ||| Stepping randomly (stuck).
   195 | D:2      | 195 ||| Stepping randomly (stuck).
   196 | D:2      | 196 ||| Stepping randomly (stuck).
   197 | D:2      | 197 ||| Stepping randomly (stuck).
   198 | D:2      | 198 ||| Stepping randomly (stuck).
   199 | D:2      | 199 ||| Stepping randomly (stuck).
   200 | D:2      | 200 ||| Stepping randomly (stuck).
   201 | D:2      | 201 ||| Stepping randomly (stuck).
   202 | D:2      | 202 ||| Stepping randomly (stuck).
   203 | D:2      | 203 ||| Stepping randomly (stuck).
   204 | D:2      | 204 ||| Stepping randomly (stuck).
   205 | D:2      | 205 ||| Stepping randomly (stuck).
   206 | D:2      | 206 ||| Stepping randomly (stuck).
   207 | D:2      | 207 ||| Stepping randomly (stuck).
   208 | D:2      | 208 ||| Stepping randomly (stuck).
   211 | D:2      | Reached skill level 3 in Ranged Weapons
   213 | D:2      | Reached XP level 3. HP: 20/20 MP: 4/4
   219 | D:2      | HP: 1/20 [gnoll/+0 club (6)]
   219 | D:2      | Slain by a gnoll

Levels and vault maps discovered:
D:1:      minmay_arrival_doors, layout_loops_ring, minmay_heptomino_o4
D:2:      layout_loops_ring, uniq_jessica

Skill      XL: |  1  2 |
---------------+-------+-----
Ranged Weapons | 3 |  3.5
Fighting       | |  1.1
Dodging        | |  1.5
Spellcasting   | |  1.0
Hexes          | |  2.6

Action                     || total
---------------------------++-------
   Fire: Sling             ||    30
    Use: Scroll            ||     2
 Armour: Leather armour    ||     4
  Dodge: Dodged            ||    11

Table legend:
 A = Non-vault XP
 B = Vault XP
 C = Vault XP percentage of total XP
 D = Non-vault monster count
 E = Vault monster count
 F = Vault count percentage of total count
                 A         B        C        D         E       F
            +---------+---------+-------+---------+---------+-------
      Total |      39 |       5 |  11.4 |       8 |       3 |  27.3
            +---------+---------+-------+---------+---------+-------
        D:1 |       7 |       5 |  41.7 |       4 |       3 |  42.9
        D:2 |      32 |       0 |   0.0 |       4 |       0 |   0.0
            +---------+---------+-------+---------+---------+-------
